[Event "44th Chess Olympiad Open 2022"]
[Site "Chennai"]
[Date "2022.08.01"]
[Round "4.7"]
[White "Jones, Gawain C B"]
[Black "Perunovic, Milos"]
[Result "1/2-1/2"]
[WhiteElo "2652"]
[BlackElo "2539"]
[Annotator "TA"]
[PlyCount "81"]
[EventDate "2022.??.??"]
[TimeControl "60"]

1.
c4 c5 2. Nf3 Nc6 3. Nc3 e5 4. g3 g6 5. Bg2 Bg7 6. a3 a5 7. O-O {[%emt 0:04:23] 7.d3 is more advanced
technology. A37: Symmetrical English vs ...g6:4 Bg2 Bg7 5 Nf3.} d6 8. Ne1 Be6 9. d3 Nge7 10. Nd5 O-O 11. Nc2 Rb8 12. b4 axb4 13.
axb4 cxb4 14. Bg5 f6 15. Bd2 b5 (15... b3 $14 16.
Ncb4 Nxb4 17. Bxb4 b2) 16. Ncxb4 $16 {[%emt 0:02:04] [#] Hoping for Na6.} Nxb4
$146 ({Predecessor:} 16... bxc4 17. dxc4 Rc8 18. Nxc6 Nxc6 19.
Be3 Kh8 20. Nb6 Rc7 21. Ra8 Qe7 22. Nd5 Bxd5 23. Rxf8+ Bxf8 24. Qxd5 {1-0 (38)
Gledura,B (2574)-Zanan,E (2450) Celje 2016}) 17. Bxb4 Nc6 (17... bxc4 $16 18. dxc4 Nxd5 19. Bxd5 Rxb4 20. Bxe6+ Kh8) 18.
Ra6 $1 $18 Nxb4 19. Nxb4 {[%emt 0:00:07] And
now Nc6 would win.} Qc7 (19... bxc4 $2 20. Nc6 Qc7 21. Nxb8
Rxb8 22. dxc4) 20. Rc6 Qe7 (20... Qa5 $142
21. Rxd6 Qxb4 22. Rxe6 Kh8) 21. c5 ({Don't take} 21. Nd5 Qd7
$16) 21... Rbd8 (21... dxc5 $2 {[#]} 22. Rxe6 $1 Qd7 23. Bc6
$1 $18) 22. Ra6 {[%emt 0:04:33] aiming for Nc6.} dxc5 23. Nc6 Qd6 24. Qb1 b4
{[%emt 0:04:06] [#]} 25. Nxb4 $1 Qd7 (25...
Qb8 26. Rxe6) 26. Nc6 Rc8 27. Qb6 {[%emt 0:01:09] Threatens to win with Ra7.} Kh8 28. Qxc5 Rc7 29. Qb4 Rfc8 30. Qa4 {[%emt 0:01:44] 0x0.001eb8faa8c7dp-1022s
more active pieces.} (30. Qb6 $16) 30... h5 31. d4 (31. Qb5 $16) 31... exd4 $11 32. Nxd4 Bc4 {[%emt 0:00:14] The position is equal.} 33. Qxd7 Rxd7 34. Rc6 Rxc6 35. Nxc6 Bxe2 36. Re1 Rd1 37. Rxd1 Bxd1 38. Bd5 Bf8 39. Kg2 Ba4 40. f4 Bxc6 41. Bxc6 {[%emt 0:30:06] Black defended
with fortune. Weighted Error Value: White=0.11 (very precise) / Black=0.12 
(very precise)} 1/2-1/2

[Event "44th Chess Olympiad Open 2022"]
[Site "Chennai"]
[Date "2022.08.01"]
[Round "4.7"]
[White "McShane, Luke J"]
[Black "Markus, Robert"]
[Result "1-0"]
[WhiteElo "2649"]
[BlackElo "2616"]
[Annotator "RC"]
[PlyCount "47"]
[EventDate "2022.??.??"]
[TimeControl "60"]

1. e4 e6 2. d4 d5 3. Nc3 dxe4 4. Nxe4 Bd7 5. Nf3 Bc6 6. Bd3 Nd7 7. O-O Ngf6 8. Ned2 Be7 9. Qe2 O-O 10. Rd1 Bxf3 11. Nxf3 c6 12. Bf4 Nd5 13. Bg3 b5 14. a4 a6 15. c3 g6 16. h4 Re8 17. h5 Bf6 18. Qc2 Bg7 19. Re1 Ne7 20. Bf4 Nd5 21. Bg3 Ne7 22. Bf4 Nd5 23. Bd2 N5f6 24. Bf4 1-0

[Event "44th Chess Olympiad Open 2022"]
[Site "Chennai"]
[Date "2022.08.01"]
[Round "4.7"]
[White "Indjic, Aleksandar"]
[Black "Adams, Michael"]
[Result "0-1"]
[WhiteElo "2620"]
[BlackElo "2696"]
[Annotator "TA"]
[PlyCount "84"]
[EventDate "2022.??.??"]
[TimeControl "60"]

1.
d4 Nf6 2. c4 e6 3. Nc3 d5 4. cxd5 exd5 5. Bg5 c6 6. e3 h6 7. Bh4 Be7 8. Bd3 O-O 9. Bg3 {[%emt 0:00:07] D35: Queen's
Gambit Declined: Exchange Variation.} Bd6 10. Nf3 Bxg3 11. hxg3 {[%emt 0:00:21] The position is equal.} ({
Don't play} 11. fxg3 Qe7 $15) 11... Nbd7 {[%emt 0:00:11] [#]} 12. Rh4 $146 ({Predecessor:} 12. b4 Qe7 13. a3 Re8 14. O-O Nf8 15. Ne5 Ne4
16. Nxe4 dxe4 17. Be2 f6 18. Nc4 Be6 19. Nd2 {0-1 (48) Loncke,M (1726)-Houard,
S (2123) Europe Echecs INT 2021}) 12... Re8 13. Qc2 c5 14. Bf5 (14. O-O-O $5 ) 14... cxd4 15. Rxd4 Nf8 16. g4 (16. Rad1 $14) 16... g6 $11 17.
Bxc8 Rxc8 18. g5 hxg5 19. Nxg5 Re5 20. Nf3 Rh5 21. O-O-O (21. Rad1 $15 {
was preferrable.}) 21... Ne6 $17 22. R4d2 b5 23. Qb3 a6 24. Kb1 Rc4 $36 {[%emt 0:01:42] Black is pushing.} 25. a3 (25.
Rc1 $15) 25... Nc5 26. Qc2 (26. Qa2 $17)
26... Nfe4 $19 27. Rd4 Nxc3+ 28. bxc3 Qa5 29. Rxc4 dxc4 30. g4 (30. Ka2 {was called for.
}) 30... Rh3 31. Ng5 Rh2 ({
Don't go for} 31... Rh4 $2 32. Ne4 Nxe4 33. Qxe4 Qxc3 34. Qe7 $19) 32. Ne4 $2 (32. a4) 32... Nxe4 33. Qxe4 {[%emt 0:00:13] 
[#] Hoping for Qe8+.} Qxc3 {[%emt 0:00:44] Endgame White must now prevent ...
Qb3+. KQR-KQR} 34. Qf4 {[%emt 0:00:16] Rd8+ is the strong threat.} Qb3+ 35. Kc1 {[%emt 0:00:07] Intending Rd8+ and mate.} Qc3+ $2 (35... Qxa3+ 36. Kb1 Qb3+ 37. Kc1 Qa3+ 38. Kb1 Qb3+ 39. Kc1
Qc3+ 40. Kb1 Rh3) 36. Kb1 {[%emt 0:00:06] Threatens to win with Rd8+.} Qb3+ $2 (36... Rh3 37. Rd8+ Kg7 38. Qd4+ Qxd4 39. Rxd4 Rf3) 37. Kc1 {
[%emt 0:00:04] [#] Rd8+ would kill now.} Qxa3+ 38. Kb1 Qb3+ 39. Kc1 {[%emt 0:00:19] Threatening mate
with Rd8+.} Qc3+ 40. Kb1 {[%emt 0:00:08] Strongly threatening
Rd8+.} Rh3 {[%emt 0:02:12] ( -> ...Qb3+)} 41. g5 Qb3+ 42. Kc1 c3 {[%emt 0:04:21] Weighted Error
Value: White=0.69/Black=0.27 (precise)} 0-1

[Event "44th Chess Olympiad Open 2022"]
[Site "Chennai"]
[Date "2022.08.01"]
[Round "4.7"]
[White "Ivanisevic, Ivan"]
[Black "Howell, David W L"]
[Result "0-1"]
[WhiteElo "2561"]
[BlackElo "2650"]
[Annotator "TA"]
[PlyCount "98"]
[EventDate "2022.??.??"]
[TimeControl "60"]

1. c4 g6 2. Nc3 c5 3. g3 Bg7 4. Bg2 Nc6 5. b3 Nf6 6. Bb2 O-O 7. e3 {[%emt 0:00:37] A36: Symmetrical English vs ...g6:4 Bg2 Bg7.} e6 8. Nge2 d5 9. O-O {[%emt 0:
00:00] The position is equal.} dxc4 {[%emt 0:19:49] [#]} 10. Na4 $146 ({Predecessor:} 10. bxc4 Bd7 11. Nc1 Rc8 12. Nb3 b6 13. d3 e5 14. a3
Bg4 15. Qc2 Bf5 16. Rad1 {½-½ (55) Kahl,F (2362)-Sorcinelli,A (2211) LSS
email 2019}) 10... cxb3 11. axb3 Nd7 12. Bxg7 Kxg7 13. Qc1 Qe7 14. Nf4 (14. Nec3 $11)
14... Nb4 $1 $15 15. d4 cxd4 16. exd4 Qd6 17. Nc3 Nf6 18. Ra5 Qd8 (18... Qxd4 $2
19. Rd1 Qb6 20. Rb5 $18) 19. Rb5 a5 (19... Qxd4 $2 20. Rd1 Nc6 21. Bxc6 bxc6 22. Rxd4 $18) 20. Rd1 Ra6 21. Ne4 {[%emt 0:01:55] Against Rd6} (21. Qa1 $11
{remains equal.}) 21... Nxe4 $1 $17 22. Bxe4 Kg8 (22... Rd6 $1 $17 {...b6 is the strong
threat.} 23. Bxb7 Bxb7 24. Rxb7 e5) 23. Qa1 Bd7 (23... b6 $17 {With the idea ...Qe8.} 24. Re5 Ra7) 24. Rxb7 $11 Rd6 25. d5 {[%emt 0:05:55] Prevents Bc6.} exd5 26. Nxd5 ({Don't blunder} 26. Bxd5 $2 Bg4 27.
Rxb4 (27. Rd4 $2 Nxd5 28. Ng2 Qf6 $19) 27... axb4 $19) 26... Bg4 $2 {[%emt 0:
00:16] [#]} (26... Nxd5 $11 {and Black stays safe.} 27. Rxd5 (27. Bxd5 $2 Bc6
$19) 27... Be6 28. Rxd6 Qxd6) 27. f3 $4 (27. Rb8 $1 $18 {
[%cal Rb8d8] is the narrow road to win.} Bxd1 28. Rxd8 Rfxd8 29. Nf6+ Rxf6 30.
Qxf6) 27... Nxd5 $19 28. fxg4 Ne3 $1 29. Re1 (29. Rxd6 Qxd6 30. Bf3
Qc5) 29... Nxg4 30. Bf3 {[%emt 0:00:00] [#]} Rd2 $1 31. Qc3 h5 {[%emt 0:00:34] Strongly threatening ...
Rd3. Dancing on a razor blade.} 32. Bxg4 hxg4 $40 {[%emt 0:00:
02] Black attacks with force.} 33. Qe3 $2 (33. Rb8 $19 Qxb8
34. Qxd2) 33... Qd5 34. Qe4 Qc5+ 35. Qe3 Qd5 36. Qe4 {[%emt 0:00:06] Against Qg2+} Qh5 37. Re2 Rd1+ 38. Re1 Rd2 39. Re2 Qc5+ {[%emt 0:00:13] Black is clearly
winning.} 40. Kf1 Rd1+ 41. Re1 Rxe1+ 42. Qxe1 {[%emt 0:00:00] Endgame KQR-KQR} Qc6 43. Re7 Qh1+ 44. Kf2 Qxh2+ 45. Kf1 Qh1+ 46. Kf2 Qf3+ 47. Kg1 Qxb3 (47... Rd8 $142 48. Re3 Qc6 49. Qxa5 Rd1+ 50. Re1 Rd3)
48. Qe5 a4 49. Re8 Rxe8 {
[%emt 0:04:23] Weighted Error Value: White=0.77/Black=0.52} 0-1

[Event "44th Chess Olympiad Open 2022"]
[Site "Chennai"]
[Date "2022.08.01"]
[Round "4.8"]
[White "Gukesh D"]
[Black "Vocaturo, Daniele"]
[Result "1-0"]
[WhiteElo "2684"]
[BlackElo "2616"]
[Annotator "TA"]
[PlyCount "67"]
[EventDate "2022.??.??"]
[TimeControl "60"]

1. d4 Nf6 2. c4 e6 3. Nf3 d5 4. Nc3 c5 5. cxd5 cxd4 6. Qxd4 exd5 7. Bg5 Be7 8. e3 O-O
{[%emt 0:02:16] The main line 8...0-0 scores better than 8...Nc6. D50: Queen's
Gambit Declined: Dutch-Peruvian Gambit.} 9. Rd1 Be6 10. Qa4 h6 {[%emt 0:
08:00] [#] The position is equal.} 11. Bxf6 $5 $146 {[%emt 0:08:53] An
interesting novelty.} (11. Bh4 {is more complex.} Qb6 12. Bxf6 Bxf6 13. Nxd5
Qxb2 14. Bc4) ({Predecessor:} 11. Bh4 Qb6 12. Qb5 Rd8 13. Qxb6 axb6 14. a3 Nc6
15. Bd3 Bg4 16. Be2 Bxf3 17. Bxf3 {½-½ (34) Yilmaz,M (2631) -Oparin,G (2685)
Chess.com INT 2022}) 11... Bxf6 12. Nxd5 Bxd5
{[%emt 0:01:14] A strong pair of Bishops.} 13. Qb5 Bxb2 14. Rxd5 Bc3+ 15. Kd1 Qe7 {[%emt 0:05:47] aiming for ...Na6.} 16. Bc4 Na6 {[%emt 0:09:39] Strongly threatening ...Nc7.} 17. Ke2 Rac8 $1 {[%emt 0:03:32] Threatens to win with ...Nc7.} 18. Qb3 Nb4 {[%emt 0:07:55][%cal Ye7e4] Hoping for ...Qe4!} 19. Rf5 $36 {[%emt 0:04:40]
White has the initiative.} Bf6 20. Rb5 a5 21. Rxa5 Nc6 (21... Rc7 $11)
22. Rb5 $16 {[%emt 0:02:30] White is more active.} b6 23. Bd5 ({Avoid the trap} 23. Rxb6 $2 Na5 24. Qb4 Rxc4 25. Qxe7 (25.
Qxa5 $2 Rc2+ 26. Nd2 Bc3 $19) 25... Bxe7 $19) 23... Na7 (23...
Na5 $16 24. Qb1 Nc4 25. Bxc4 Rxc4) 24. Rxb6 $18 Rc3 {[%emt 0:
01:08] [#]} 25. Qb1 Qc5 26. Rd1 Rc2+ (26... Bd8 {was necessary.} 27. Rb7 Bf6)
27. Kf1 {[%emt 0:01:24] Black must now prevent Ne1.} Rd8 28.
Ne1 Rc3 29. Bxf7+ Kf8 $2 (29... Kxf7 30. Rxf6+ Kxf6) 30. Bh5 Nc6 $2 (30... Qc4+ 31. Be2 Rxd1 32. Rb8+ Nc8 33. Qxd1 Qc7) 31. Rxd8+ Bxd8 {[%emt 0:00:09] [#]} (31... Nxd8 $142 32. g4 Rc1) 32. Qg6
$1 Qc4+ (32... Qxh5 33.
Qxh5) 33. Kg1 Ke7 34.
Rb7+ {[%emt 0:00:24] Weighted Error Value: White=0.32/Black=0.59} 1-0

[Event "44th Chess Olympiad Open 2022"]
[Site "Chennai"]
[Date "2022.08.01"]
[Round "4.8"]
[White "Praggnanandhaa R"]
[Black "Lodici, Lorenzo"]
[Result "1/2-1/2"]
[WhiteElo "2648"]
[BlackElo "2553"]
[Annotator "TA"]
[PlyCount "83"]
[EventDate "2022.??.??"]
[TimeControl "60"]

1. d4 Nf6 2. c4 e6 3. Nf3 d5 4. Nc3 c6 5. e3 Nbd7 6. Be2 Bd6 7. O-O O-O 8. b3 b6 {[%emt 0:00:05] D45:
Semi-Slav: 5 e3.} 9. Bb2 Bb7 10. Bd3 Qe7 11. Re1 {[%emt 0:06:28] [#]} Rfd8 $146 ({Predecessor:} 11... Ba3 12. Qc1 Bxb2 13. Qxb2 dxc4 14. Bxc4
c5 15. Be2 Rac8 16. Qa3 a6 17. Rac1 b5 {½-½ (63) Erigaisi,A (2629)-Dreev,A 
(2623) Warsaw 2021}) 12. Qc2 h6 13. e4 dxe4 14. Nxe4 Ba3 15. Bc3 a5 16. Re3 Bb4 17. Bb2 Ba3 {[%emt 0:04:10]
Prevents c5.} (17... Nxe4 $11 18. Rxe4 Ba3) 18. Bxa3 $14 Qxa3 19. Nc3 {[%emt 0:06:20] White is more active.} Qd6 20. Rd1 Qc7 21. Bf1 Re8 22. g3 Rad8 23. Bg2 c5 {[%emt 0:01:07] The position is equal.} 24. d5 (24. Red3 {looks sharper.} Qc8 25. Qe2 e5 26. dxe5 Bxf3 27. Bxf3 Nxe5 28.
Rxd8 Nxf3+ 29. Qxf3 Rxd8 30. Rxd8+ Qxd8 31. Qe3) 24... exd5 {[%emt 0:00:12] ...
d4 is the strong threat.} 25. Rxe8+ Nxe8 26.
Nxd5 Bxd5 27. Rxd5 Ndf6 28. Rd3 Rxd3 29. Qxd3 Qe7 30. Nd2 Nc7 31. Bh3 g6 32. Nf1 h5 33. Ne3 Kf8 34. Bc8 Ke8 35. h4 Qe5 36.
Kg2 Ke7 37. Nd1 Ne6 38. Bxe6 Qxe6 39. Nc3 Qc6+ 40. Qf3 Qe6 41. Qa8 Qd6 42. Ne4 {[%emt 0:06:50]
Weighted Error Value: White=0.04 (flawless) /Black=0.05 (flawless)} 1/2-1/2

[Event "44th Chess Olympiad Open 2022"]
[Site "Chennai"]
[Date "2022.08.01"]
[Round "4.8"]
[White "Moroni, Luca Jr"]
[Black "Nihal Sarin"]
[Result "0-1"]
[WhiteElo "2584"]
[BlackElo "2651"]
[Annotator "TA"]
[PlyCount "102"]
[EventDate "2022.??.??"]
[TimeControl "60"]

1. d4 Nf6 2. Nf3 g6 3. Bf4 Bg7 4. e3 O-O 5. Nbd2 d6 6. h3 c5 7. c3 cxd4 $1 {[%emt 0:06:00]
outshines the older 7...Nc6. A48:1 d4 Nf6 2 Nf3 g6: Torre, London and Colle
Systems.} 8. cxd4 Nc6 9. Bc4 Qb6 $5 {[%emt 0:17:43] [#] Black has an edge. A promising side
line.} 10. b3 $146 ({Predecessor:} 10. Qb3 Qxb3 11. Bxb3 Nb4
12. Ke2 Bf5 13. Ne1 Rac8 14. a3 Nc6 15. Nef3 Na5 16. Ba4 {½-½ (66) Kovalev,D
(2502)-Sivuk,V (2515) Mukachevo 2017}) 10... e5 11. dxe5 dxe5 12. Bh2 e4 13. Ne5 Qa5 14. Nxc6 bxc6 15. a3 Rd8 $36 {[%emt 0:00:00] Black
wants to play ...Qg5. Black has the initiative.} 16. b4 {[%emt 0:02:51] Black
continues to play with concentration.} (16. Qc1 $1 $11 {remains equal.}) 16...
Qg5 $17 17. Qb3 (17. Bc7 $17 Qxg2 18. Rh2
Qg1+ 19. Ke2 Qxd1+ 20. Rxd1) 17... Nd5 $19 ({Weaker is} 17...
Qxg2 18. O-O-O $11) 18. O-O {[%emt 0:08:15] [#]} Bxh3 $1 ({And not} 18... Bxa1 19. Rxa1 Bxh3 20. Bf1) 19. Bg3 Bxa1 20. Nxe4 {[%emt 0:01:04] [#]} Qe7 21. gxh3 Be5 ({But not} 21...
Qxe4 $2 22. Rxa1 a5 23. bxa5 $19) 22. Rc1 Bxg3 23. Nxg3 Nf6 24. Be2 Rac8 25. Bf3 (25. Rc4 {was called for.}) 25... c5 26. b5 c4 27. Rxc4 Rxc4 28. Qxc4 Qxa3 29. Ne2 Rd2 30. Qf4 Qd6 31. Qa4 Qc5 32. Qf4 Kg7 33. Nd4 Rb2 {[%emt 0:00:46]
Against Nb3} 34. Bc6 $2 (34. Kg2) 34... h6 (
34... Nh5 $142 35. Qe4 Qc1+ 36. Kg2 Rb1 37. Qe5+ Kh6) 35. h4 $2 (35. Kg2) 35... Nh5 36. Qe4 Qc1+ 37. Kg2 Rb1 38.
Kh3 Qf1+ 39. Qg2 Qxg2+ 40. Kxg2 {[%emt 0:00:00] Endgame KRN-KBN} Nf6 41. Bf3 Rb2 42. Kg3 Ne8 43. h5 Nd6 44. Bc6 (44. hxg6 $142 fxg6 45. Be2) 44... Nf5+ {[%emt 0:06:56] Black is
clearly winning.} 45. Nxf5+ gxf5 {[%emt 0:00:03] KR-KB} 46. f3 Kf6 {[%emt 0:00:35] Strongly threatening ...Rc2.} 47. Kf4 Rh2 48. Kg3 Rc2 {[%emt 0:00:
04] White must now prevent ...a5.} 49. Kf4 Rc4+ (49... a5 $142 50. e4 Rb2) 50. e4 fxe4 51. fxe4 Rc5 {[%emt 0:00:04] Weighted Error Value: White=0.69/
Black=0.25 (precise)} 0-1

[Event "44th Chess Olympiad Open 2022"]
[Site "Chennai"]
[Date "2022.08.01"]
[Round "4.8"]
[White "Sonis, Francesco"]
[Black "Sadhwani, Raunak"]
[Result "1/2-1/2"]
[WhiteElo "2543"]
[BlackElo "2611"]
[Annotator "TA"]
[PlyCount "60"]
[EventDate "2022.??.??"]
[TimeControl "60"]

1. d4 Nf6 2. c4 e6 3. Nf3 d5 4. Nc3 Bb4 5. Bg5 h6 6. Bxf6 Qxf6 7. Qb3 c5 8. cxd5 exd5 9. a3 Bxc3+ 10. Qxc3 Nd7 11. e3 {[%emt 0:00:26] 11.g3 is not
played anymore. D38: Queen's Gambit Declined: Ragozin Defence (4 Nf3 Bb4).} a6 12. a4 b6 13. Be2 {[%emt 0:
00:00] White has an edge.} O-O 14. O-O Bb7 15. b3 Rac8 {[%emt 0:00:40] [#]} 16. Qb2 $146 ({Predecessor:} 16. Rfc1 Qd6 17. Qe1 Rfd8 18. Qd1 a5 19. Qe1
Ra8 20. Qc3 Rdc8 21. Qb2 Rc7 22. Qa3 {½-½ (60) Portisch,L (2585)-Zemerov,V 
(2430) Hungary 1996}) 16... Rc7 17. Rac1 Rfc8 18. Rc3 Nf8 19. Rfc1 Ne6 20. h3 cxd4 (20... a5 {looks sharper.} 21. Ne5 cxd4 22. Rxc7 Rxc7 23.
Rxc7 Nxc7 24. exd4 Qe7) 21. Rxc7 Rxc7 22.
Rxc7 Nxc7 23. Qxd4 Qxd4 {
[%emt 0:00:06] The position is equal.} 24. Nxd4 $11 {[%emt 0:00:03] Endgame
KBN-KBN} a5 25. h4 Kf8 26.
Kf1 Ne6 27. Ke1 Nxd4 28. exd4 g5 29. hxg5 hxg5 30. g4 Ke7 {[%emt 0:00:
05] Weighted Error Value: White=0.03 (flawless) /Black=0.03 (flawless)} 1/2-1/2

[Event "44th Chess Olympiad Open 2022"]
[Site "Chennai"]
[Date "2022.08.01"]
[Round "4.9"]
[White "Sargissian, Gabriel"]
[Black "Ragger, Markus"]
[Result "1/2-1/2"]
[WhiteElo "2698"]
[BlackElo "2647"]
[Annotator "TA"]
[PlyCount "66"]
[EventDate "2022.??.??"]
[TimeControl "60"]

1. Nf3 Nf6 2.
c4 c5 3. Nc3 e6 4. e3 Nc6 5. d4 d5 6. cxd5 exd5 7. Bb5 cxd4 8. exd4 Bd6 9.
O-O O-O 10. Bg5 Bg4 11. Be2 Be7 {[%emt 0:08:17] 11...h6 is a
critical line.} 12. Re1 {[%emt 0:02:55] B14: Caro-Kann: Panov-Botvinnik Attack
with 5...e6 and 5...g6.} h6 13. Bh4 {[%emt 0:00:35] [#]} Ne4
$146 ({Predecessor:} 13... Re8 14. h3 Bh5 15. Ne5 Bxe2 16.
Rxe2 Rc8 17. Qd3 Qb6 18. Bxf6 Bxf6 19. Nxd5 Qxd4 20. Nxf6+ gxf6 {1-0 (75)
Niemann,H (2571)-Yoo,C (2479) Chess.com INT 2021}) 14. Bxe7 Nxe7 15. Qb3 Bxf3 16. Bxf3 Nd2 17. Qd1 Nxf3+ 18. Qxf3 Nc6 19. Nxd5 Nxd4 {[%emt 0:01:35] The position is equal.} 20. Qe4 Nc6 21. Nb4 Nxb4 22. Qxb4 Qf6 23. Rad1 b6 24. Rd6 Qf5 25. Qa4 Rac8 26. Rd2 {[%emt 0:01:28] Prevents Rc2.} Rc7 27. h3 Rfc8 28. Qg4 Qxg4 29. hxg4 Kf8 30. Kf1 Rc2 31. Rd7 Re8 32. Rxe8+ Kxe8 33. Rxa7 Rxb2 {[%emt 0:00:04] A balanced but interesting game. Weighted Error Value:
White=0.03 (flawless) /Black=0.02 (flawless)} 1/2-1/2

[Event "44th Chess Olympiad Open 2022"]
[Site "Chennai"]
[Date "2022.08.01"]
[Round "4.9"]
[White "Ter-Sahakyan, Samvel"]
[Black "Blohberger, Felix"]
[Result "1-0"]
[WhiteElo "2625"]
[BlackElo "2492"]
[Annotator "TA"]
[PlyCount "117"]
[EventDate "2022.??.??"]
[TimeControl "60"]

1. e4 e5 2. Nf3 Nc6
3. Bb5 Nf6 4. d3 Bc5 5. c3 O-O 6. O-O {C65: Ruy Lopez: Berlin Defence (3...Nf6)
, unusual lines and 4 0-0 Bc5.} Re8 7. Bg5 a6 8. Ba4 {The position is equal.}
b5 9. Bb3 d6 10. Nbd2 (10. d4 $5 Bb6 11. Bd5 $11) 10... h6 11.
Bh4 g5 12. Bg3 Bb6 13. Re1 Ne7 14. Nf1 Ng6 {[#]} 15. Ne3 $146 (15. a4 $5 ) ({Predecessor:} 15. a4 Bd7 16. Ne3 Nf4 17. h4 g4 18. Nh2 h5 19.
Qd2 Nh7 20. Nf5 Bxf5 21. exf5 {½-½ (56) Rudzinska,M (2003)-Urh,Z (2156) Riga
2018}) 15... Bxe3 16. Rxe3 Kg7 17. d4 Qe7 18. a4 Bd7 19. Re1 c5 20. Bc2 Bg4 21.
h3 Bh5 22. Re3 Nf4 23. Qd2 Rac8 24. d5 Bg6 25. Nh2 c4 26. Nf1 Nd7 27. f3 Nc5
28. Bf2 h5 29. Kh2 h4 30. Bg1 Rb8 31. Ree1 Rec8 32. Ne3 Qd7 ({
Don't do} 32... Nxa4 33. Bxa4 bxa4 34. Rxa4 $16) 33. axb5 axb5 34. Ra3 Ncd3 {
Pair of Knights!} 35. Rb1 (35. Bxd3 $5 cxd3 36. Rea1 $14) 35... Ra8 36. Rxa8
Rxa8 37. b3 Qc7 38. bxc4 bxc4 39. Qd1 Ra3 40. Ra1 $36 {White
has the initiative.} (40. Rb6 $5 ) 40... Rxc3 (40... Rxa1 $11 41.
Qxa1 Ne2) 41. Qd2 $16 Rb3 42. Bxb3 cxb3 43. Rb1 b2 {This costs Black the game.}
(43... Qb8 $16) 44. Nd1 $1 $18 (44. Rxb2 Nxb2 45. Qxb2 Qa5 $11) 44... f5 {[#]}
45. exf5 ({Resist} 45. Nxb2 $6 Nxb2 46. Rxb2 fxe4 $16) 45... Bxf5 46. Nxb2 {
Really sharp!} Nxb2 (46... Qb7 47. Qc2 Qf7) 47. Rxb2 Bxh3 {[#]} 48. Be3 $1 ({
Not} 48. gxh3 Qd7 49. Be3 Qxh3+ 50. Kg1 Qg3+ 51. Kh1 Qxf3+ 52. Kg1 Qg4+ 53. Kf1
Qh3+ 54. Kg1 Qg4+ 55. Kf1 Qh3+ 56. Kg1 Qg3+ 57. Kh1 Qh3+ 58. Kg1 $11) 48... Bf5
49. Ra2 {And now Ra7 would win.} Qc4 $2 (49... Kg6 {was necessary.} 50. Bxf4
gxf4) 50. Ra7+ {White is clearly winning.} Kg6 51. Bxf4 Qxf4+ 52. Qxf4 exf4 {
Endgame KR-KB} 53. Ra6 g4 54. Rxd6+ Kg5 55. Rd8 g3+ 56. Kh1 Kf6 57. d6 {
Threatening mate with Rf8+.} Ke5 58. d7 {Intending Re8+ and mate.} Kd6 59. Rf8
{Weighted Error Value: White=0.06 (flawless) / Black=0.24 (precise)} 1-0

[Event "44th Chess Olympiad Open 2022"]
[Site "Chennai"]
[Date "2022.08.01"]
[Round "4.9"]
[White "Dragnev, Valentin"]
[Black "Melkumyan, Hrant"]
[Result "0-1"]
[WhiteElo "2557"]
[BlackElo "2634"]
[Annotator "TA"]
[PlyCount "101"]
[EventDate "2022.??.??"]
[TimeControl "60"]

1. e4 e5 2. Nf3 Nc6 3. Bb5 Nf6 4. d3 Bc5 5. c3 O-O 6. O-O {[%emt 0:00:
00] C65: Ruy Lopez: Berlin Defence (3...Nf6), unusual lines and 4 0-0 Bc5.} Re8 7. Bg5 a6 8. Ba4 {[%emt 0:04:59] The position is equal.} b5 9.
Bb3 d6 10. Nbd2 h6 11. Bh4 g5 12. Bg3 Bb6 13. Re1 Ne7 14. Nf1 Ng6 {[%emt 0:00:59] [#]} 15. Ne3 $146 ({
Predecessor:} 15. a4 Bd7 16. Ne3 Nf4 17. h4 g4 18. Nh2 h5 19. Qd2 Nh7 20. Nf5
Bxf5 21. exf5 {½-½ (56) Rudzinska,M (2003)-Urh,Z (2156) Riga 2018}) 15...
Bxe3 16. Rxe3 Kg7 17. d4 Qe7 18. a4 Bd7 19. Re1 c5 20. Bc2 Bg4 21. h3 Bh5 22. Re3 Nf4 23. Qd2 Rac8 24. d5 Bg6 25. Nh2 c4 26. Nf1 Nd7 27. f3 Nc5 28. Bf2 h5 29. Kh2 h4 (29... bxa4 $11
30. Ree1 Ncd3) 30. Bg1 Rb8 31. Ree1 Rec8 32. Ne3 Qd7 (32... Nxa4 33. Bxa4 bxa4 34. Rxa4 $16) 33. axb5 axb5 34. Ra3 Ncd3 ({Better
is} 34... Ra8 $11) 35. Rb1 (35. Bxd3 $14 cxd3 36. Rea1) 35...
Ra8 $11 36. Rxa8 Rxa8 37. b3 Qc7 38. bxc4 bxc4 39. Qd1 Ra3 40. Ra1 $36 {
[%emt 0:00:48] White has some pressure.} Rxc3 (40... Rxa1 $11
{remains equal.} 41. Qxa1 Ne2) 41. Qd2 $16 Rb3 42. Bxb3 cxb3 43. Rb1 b2 (43... Qb8 $16 {keeps fighting.}) 44. Nd1 $1 $18 ({Not} 44. Rxb2 Nxb2 45. Qxb2 Qa5 $11) 44... f5 {[%emt 0:11:10] [#]} 45.
exf5 ({Resist} 45. Nxb2 $6 Nxb2 46. Rxb2 fxe4) 45... Bxf5 46. Nxb2 Nxb2 47. Rxb2 Bxh3 {[%emt 0:00:10] [#]} 48. Be3 $1 ({
Worse is} 48. gxh3 Qd7 49. Be3 Qxh3+ 50. Kg1 Qg3+ 51. Kh1 Qxf3+ 52. Kg1 Qg4+
53. Kf1 Qh3+ 54. Kg1 Qg4+ 55. Kf1 Qh3+ 56. Kg1 Qg3+ 57. Kh1 Qh3+ 58. Kg1 $11)
48... Bf5 49. Ra2 {[%emt 0:02:40] Hoping for Ra7.} Qc4 50. Ra7+ Kg6 51. Bxf4 {
[%emt 0:00:16] Weighted Error Value: White=0.06 (flawless) /Black=0.18 (very
precise) . Loss on time!?} 0-1